[ AOE2 MATCH · #483359337 ]
Team RMGoths vs Burgundians
[ REPLAY ANALYSIS · EXTRACTED FROM THE RECORDED GAME ]
Feudal
22:17
Castle
—
Imperial
—
| APM avg | 8.2 |
| APM peak | 39 |
| eAPM avg | 4.2 |
| Villagers / military | 24 / 25 |
Focus
⚔️ 24.8% · 🌾 75.2%
Spearman ×20 · Fishing Ship ×5 · Demolition Raft ×5
Feudal
8:18
Castle
35:06
Imperial
—
| APM avg | 17.4 |
| APM peak | 32 |
| eAPM avg | 12.8 |
| Villagers / military | 57 / 74 |
Focus
⚔️ 47.8% · 🌾 52.2%
Militia ×24 · Spearman ×21 · Archer ×12 · Skirmisher ×11 · Battering Ram ×4 · Cavalry Archer ×2
Feudal
11:51
Castle
28:38
Imperial
46:37
| APM avg | 31.2 |
| APM peak | 73 |
| eAPM avg | 14.9 |
| Villagers / military | 134 / 80 |
Focus
⚔️ 24.5% · 🌾 75.5%
Camel Scout ×36 · Militia ×24 · Archer ×17 · Trade Cart ×10 · Trebuchet (Packed) ×3
Feudal
12:22
Castle
29:52
Imperial
—
| APM avg | 33.6 |
| APM peak | 96 |
| eAPM avg | 12.3 |
| Villagers / military | 41 / 33 |
Focus
⚔️ 26.2% · 🌾 73.8%
Knight ×30 · Trade Cart ×6 · Scout Cavalry ×3
Match map
Initial resources + every placement click. Lines = walls · curves = elevation contours. ◆ gold · ⬟ stone · ● berries · ✦ relic · ◌ wall gap
Your base· Open — unwalled flank
LinceDK's base· Open — unwalled flank
Anymuzz's base· ✓ Closed at 28:38 · 53t walls · 1 gate(s) · fragile
MEGAMENTE90's base· ✓ Closed at 29:52 · 36t walls · 2 gate(s) · fragile
Smoothed initial terrain · ◌ = detected wall gap · hover for details
Inputs per minute
— DoN_888 - - LinceDK
Build order — DoN_888
95 actions detected in the replay
| 0:05 | Research | Loom |
| 0:05 | Create | Villager (Male) |
| 0:06 | Create | Villager (Male) |
| 0:06 | Create | Villager (Male) |
| 0:09 | Build | House |
| 0:11 | Build | House |
| 0:14 | Build | House |
| 1:32 | Build | Palisade Wall |
| 2:14 | Create | Villager (Male) |
| 2:14 | Create | Villager (Male) |
| 2:14 | Create | Villager (Male) |
| 2:47 | Create | Villager (Male) |
| 2:50 | Create | Villager (Male) |
| 3:23 | Build | Palisade Wall |
| 3:36 | Create | Villager (Male) |
| 4:57 | Create | Villager (Male) |
| 4:58 | Create | Villager (Male) |
| 6:08 | Build | Mill |
| 7:23 | Build | Palisade Wall |
| 9:35 | Build | Palisade Wall |
| 12:13 | Build | House |
| 12:15 | Build | House |
| 12:17 | Build | House |
| 12:20 | Build | House |
| 12:29 | Create | Villager (Male) |
| 12:31 | Create | Villager (Male) |
| 12:34 | Create | Villager (Male) |
| 12:53 | Build | Lumber Camp |
| 13:12 | Build | Mining Camp |
| 15:32 | Build | Dock |
| 19:19 | Create | Fishing Ship |
| 20:07 | Research | Feudal Age |
| 22:17 | Age | Feudal Age |
| 25:14 | Research | Double-Bit Axe |
| 25:20 | Research | Horse Collar |
| 25:24 | Research | Wheelbarrow |
| 25:25 | Research | Town Watch |
| 26:03 | Create | Villager (Male) |
| 26:05 | Create | Villager (Male) |
| 26:31 | Build | Fish Trap |
| 27:12 | Create | Villager (Male) |
| 27:12 | Create | Villager (Male) |
| 27:14 | Create | Villager (Male) |
| 28:02 | Build | Farm |
| 28:04 | Build | Farm |
| 28:06 | Build | Farm |
| 28:28 | Build | Farm |
| 28:30 | Build | Farm |
| 28:33 | Build | Farm |
| 29:30 | Create | Villager (Male) |
| 29:38 | Research | Gold Mining |
| 29:41 | Research | Stone Mining |
| 29:47 | Create | Demolition Raft |
| 29:48 | Create | Demolition Raft |
| 43:42 | Create | Villager (Male) |
| 43:42 | Create | Villager (Male) |
| 43:43 | Create | Villager (Male) |
| 43:43 | Create | Villager (Male) |
| 44:00 | Build | Barracks |
| 44:03 | Build | House |
| 44:37 | Build | Lumber Camp |
| 44:45 | Research | Man-at-Arms (upgrade) |
| 45:31 | Build | Barracks |
| 45:51 | Build | House |
| 45:54 | Build | House |
| 45:55 | Build | House |
| 46:25 | Create | Spearman |
| 46:26 | Create | Spearman |
| 46:26 | Create | Spearman |
| 46:27 | Create | Spearman |
| 46:27 | Create | Spearman |
| 46:28 | Create | Spearman |
| 46:28 | Create | Spearman |
| 46:29 | Create | Spearman |
| 46:29 | Create | Spearman |
| 46:30 | Create | Spearman |
| 46:36 | Create | Spearman |
| 46:36 | Create | Spearman |
| 46:37 | Create | Spearman |
| 46:37 | Create | Spearman |
| 46:37 | Create | Spearman |
| 46:38 | Create | Spearman |
| 46:38 | Create | Spearman |
| 46:40 | Create | Spearman |
| 46:41 | Create | Spearman |
| 46:41 | Create | Spearman |
| 46:53 | Build | Town Center |
| 47:21 | Build | Mining Camp |
| 47:26 | Create | Demolition Raft |
| 47:27 | Create | Demolition Raft |
| 47:27 | Create | Demolition Raft |
| 47:39 | Create | Fishing Ship |
| 47:39 | Create | Fishing Ship |
| 47:39 | Create | Fishing Ship |
| 47:40 | Create | Fishing Ship |
Build order — LinceDK
First 150 of 212 actions detected
| 0:02 | Create | Villager (Male) |
| 0:02 | Create | Villager (Male) |
| 0:05 | Build | House |
| 0:07 | Build | House |
| 0:44 | Create | Villager (Male) |
| 0:45 | Research | Loom |
| 0:47 | Create | Villager (Male) |
| 1:46 | Create | Villager (Male) |
| 2:47 | Create | Villager (Male) |
| 2:47 | Create | Villager (Male) |
| 3:00 | Create | Villager (Male) |
| 4:17 | Build | Mill |
| 4:54 | Build | Lumber Camp |
| 6:04 | Create | Villager (Male) |
| 6:08 | Research | Feudal Age |
| 7:00 | Build | House |
| 7:03 | Build | House |
| 7:37 | Build | Palisade Gate |
| 8:18 | Age | Feudal Age |
| 8:19 | Research | Wheelbarrow |
| 8:38 | Build | Watch Tower |
| 8:54 | Research | Double-Bit Axe |
| 9:29 | Create | Villager (Male) |
| 9:44 | Build | House |
| 10:00 | Create | Villager (Male) |
| 10:08 | Build | Farm |
| 10:14 | Build | Farm |
| 10:42 | Build | Farm |
| 10:53 | Create | Villager (Male) |
| 11:15 | Create | Villager (Male) |
| 11:36 | Build | Mining Camp |
| 12:22 | Build | Farm |
| 12:30 | Create | Villager (Male) |
| 12:30 | Create | Villager (Male) |
| 12:44 | Create | Villager (Male) |
| 12:44 | Create | Villager (Male) |
| 13:19 | Create | Villager (Male) |
| 13:26 | Build | Mining Camp |
| 13:37 | Create | Villager (Male) |
| 13:47 | Build | House |
| 13:49 | Build | House |
| 14:50 | Build | Farm |
| 14:50 | Build | Farm |
| 14:50 | Build | Farm |
| 14:58 | Create | Villager (Male) |
| 15:17 | Build | Watch Tower |
| 15:27 | Create | Villager (Male) |
| 15:54 | Build | Blacksmith |
| 16:03 | Create | Villager (Male) |
| 16:06 | Create | Villager (Male) |
| 16:36 | Build | Farm |
| 17:05 | Build | Watch Tower |
| 17:10 | Research | Fletching |
| 17:17 | Build | Farm |
| 17:19 | Create | Villager (Male) |
| 17:20 | Create | Villager (Male) |
| 17:34 | Research | Gold Mining |
| 18:01 | Build | Farm |
| 18:08 | Create | Villager (Male) |
| 18:12 | Build | Farm |
| 18:25 | Research | Forging |
| 18:28 | Build | Farm |
| 18:46 | Build | Farm |
| 19:10 | Build | Farm |
| 19:12 | Create | Villager (Male) |
| 19:12 | Create | Villager (Male) |
| 19:49 | Build | Lumber Camp |
| 20:00 | Create | Villager (Male) |
| 20:58 | Build | Market |
| 21:25 | Build | Farm |
| 21:31 | Create | Villager (Male) |
| 22:12 | Build | Barracks |
| 22:30 | Build | Farm |
| 23:05 | Build | Watch Tower |
| 23:44 | Create | Militia |
| 23:44 | Create | Spearman |
| 23:44 | Create | Militia |
| 23:44 | Create | Spearman |
| 23:56 | Build | Watch Tower |
| 24:05 | Build | House |
| 24:20 | Build | Watch Tower |
| 24:39 | Create | Militia |
| 24:40 | Create | Spearman |
| 24:46 | Create | Militia |
| 24:47 | Create | Spearman |
| 25:19 | Build | House |
| 25:23 | Build | House |
| 25:28 | Build | House |
| 25:31 | Build | House |
| 25:49 | Create | Militia |
| 25:49 | Create | Spearman |
| 25:49 | Create | Spearman |
| 25:49 | Create | Militia |
| 26:27 | Build | House |
| 26:33 | Build | Palisade Gate |
| 26:37 | Build | House |
| 27:25 | Create | Villager (Male) |
| 27:26 | Create | Villager (Male) |
| 27:26 | Create | Villager (Male) |
| 28:25 | Build | Watch Tower |
| 28:32 | Create | Villager (Male) |
| 28:33 | Create | Villager (Male) |
| 28:33 | Create | Villager (Male) |
| 28:33 | Create | Villager (Male) |
| 28:51 | Research | Man-at-Arms (upgrade) |
| 29:15 | Build | Farm |
| 29:36 | Build | Watch Tower |
| 30:12 | Build | Watch Tower |
| 30:21 | Build | Siege Workshop |
| 31:07 | Create | Battering Ram |
| 31:35 | Research | Scale Mail Armor |
| 31:36 | Research | Padded Archer Armor |
| 32:12 | Create | Battering Ram |
| 32:19 | Build | Archery Range |
| 32:26 | Research | Castle Age |
| 32:48 | Create | Militia |
| 32:48 | Create | Spearman |
| 32:49 | Create | Militia |
| 32:49 | Create | Spearman |
| 32:49 | Create | Militia |
| 32:50 | Create | Spearman |
| 33:09 | Create | Battering Ram |
| 33:09 | Create | Battering Ram |
| 33:27 | Create | Archer |
| 33:27 | Create | Skirmisher |
| 33:28 | Create | Archer |
| 33:28 | Create | Skirmisher |
| 33:29 | Create | Archer |
| 33:39 | Build | Watch Tower |
| 34:51 | Create | Skirmisher |
| 34:52 | Create | Archer |
| 34:52 | Create | Skirmisher |
| 34:52 | Create | Archer |
| 34:52 | Create | Skirmisher |
| 34:54 | Create | Militia |
| 34:54 | Create | Spearman |
| 34:56 | Research | Scale Barding Armor |
| 35:06 | Age | Castle Age |
| 35:53 | Build | Watch Tower |
| 37:09 | Build | Barracks |
| 37:15 | Build | House |
| 37:29 | Create | Militia |
| 37:29 | Create | Spearman |
| 37:30 | Research | Pikeman (upgrade) |
| 37:31 | Research | Long Swordsman (upgrade) |
| 37:31 | Create | Militia |
| 37:31 | Create | Spearman |
| 37:32 | Create | Militia |
| 37:32 | Create | Spearman |
| 38:04 | Create | Militia |
Build order — Anymuzz
First 150 of 231 actions detected
| 0:03 | Build | House |
| 0:04 | Build | House |
| 0:05 | Create | Villager (Male) ×4 |
| 1:25 | Build | Palisade Wall |
| 2:45 | Create | Villager (Male) |
| 2:56 | Create | Villager (Male) |
| 2:56 | Create | Villager (Male) |
| 2:57 | Create | Villager (Male) |
| 3:04 | Build | House |
| 3:40 | Build | House |
| 3:43 | Build | House |
| 4:11 | Create | Villager (Male) |
| 4:31 | Create | Villager (Male) |
| 4:35 | Create | Villager (Male) |
| 5:44 | Create | Villager (Male) |
| 5:52 | Create | Villager (Male) |
| 6:45 | Create | Villager (Male) |
| 7:14 | Create | Villager (Male) |
| 7:15 | Create | Villager (Male) |
| 7:27 | Build | Mill |
| 7:49 | Create | Villager (Male) |
| 9:05 | Build | Lumber Camp |
| 9:24 | Create | Villager (Male) |
| 9:27 | Research | Loom |
| 9:41 | Research | Feudal Age |
| 10:40 | Build | Palisade Wall |
| 11:15 | Build | Palisade Wall |
| 11:19 | Build | Palisade Wall |
| 11:22 | Build | Palisade Wall |
| 11:27 | Build | Palisade Wall |
| 11:51 | Age | Feudal Age |
| 11:52 | Build | Barracks |
| 11:59 | Build | Mining Camp |
| 12:04 | Create | Villager (Male) ×5 |
| 12:20 | Build | Watch Tower |
| 12:28 | Research | Man-at-Arms (upgrade) |
| 12:29 | Create | Militia ×3 |
| 12:56 | Build | Archery Range |
| 13:37 | Create | Archer |
| 13:42 | Create | Archer |
| 14:04 | Build | Mining Camp |
| 14:07 | Create | Villager (Male) ×2 |
| 14:37 | Build | House |
| 14:45 | Build | House |
| 14:47 | Build | House |
| 14:54 | Build | House |
| 14:57 | Build | House |
| 15:26 | Build | Farm |
| 15:27 | Build | Farm |
| 15:45 | Build | Farm |
| 15:46 | Build | Farm |
| 15:52 | Build | Farm |
| 16:25 | Build | Stone Wall |
| 16:29 | Build | Stone Wall |
| 16:35 | Build | Stone Wall |
| 16:51 | Create | Villager (Male) |
| 16:58 | Build | Farm |
| 17:40 | Build | Farm |
| 18:10 | Create | Villager (Male) ×3 |
| 18:19 | Build | Farm |
| 18:40 | Build | Market |
| 19:18 | Create | Villager (Male) |
| 19:20 | Create | Villager (Male) |
| 19:23 | Build | Farm |
| 19:36 | Build | Farm |
| 19:42 | Create | Villager (Male) |
| 19:42 | Create | Villager (Male) |
| 19:42 | Create | Villager (Male) |
| 20:29 | Build | Farm |
| 20:37 | Create | Villager (Male) ×5 |
| 21:28 | Build | Farm |
| 21:37 | Build | Farm |
| 22:44 | Build | Farm |
| 22:48 | Create | Villager (Male) |
| 22:54 | Build | Farm |
| 23:03 | Build | Farm |
| 23:13 | Create | Villager (Male) |
| 23:22 | Build | House |
| 23:41 | Create | Villager (Male) |
| 24:41 | Create | Villager (Male) |
| 24:42 | Create | Villager (Male) |
| 24:43 | Create | Villager (Male) |
| 24:57 | Build | Blacksmith |
| 25:27 | Build | House |
| 25:28 | Build | House |
| 25:58 | Research | Castle Age |
| 26:25 | Build | Gate |
| 26:34 | Build | Farm |
| 26:35 | Build | Farm |
| 26:43 | Build | Farm |
| 27:18 | Build | Lumber Camp |
| 27:37 | Build | Watch Tower |
| 28:12 | Create | Militia ×5 |
| 28:13 | Create | Militia ×5 |
| 28:14 | Create | Militia ×5 |
| 28:23 | Build | Watch Tower |
| 28:29 | Build | Farm |
| 28:38 | Create | Archer ×5 |
| 28:38 | Age | Castle Age |
| 28:43 | Build | Watch Tower |
| 28:48 | Create | Villager (Male) ×5 |
| 28:50 | Research | Double-Bit Axe |
| 29:07 | Build | Farm |
| 29:26 | Research | Forging |
| 29:27 | Research | Scale Mail Armor |
| 29:29 | Research | Fletching |
| 29:30 | Research | Padded Archer Armor |
| 29:35 | Create | Villager (Male) ×2 |
| 29:39 | Build | Farm |
| 29:47 | Build | House |
| 29:49 | Build | House |
| 29:50 | Build | House |
| 30:23 | Build | Watch Tower |
| 30:31 | Build | Monastery |
| 30:43 | Build | Stable |
| 30:45 | Create | Villager (Male) ×5 |
| 31:21 | Research | Long Swordsman (upgrade) |
| 31:43 | Build | Farm |
| 31:43 | Build | Farm |
| 31:49 | Build | Farm |
| 31:50 | Build | Farm |
| 31:50 | Build | Farm |
| 31:50 | Build | Farm |
| 32:09 | Build | Town Center |
| 32:23 | Create | Militia ×5 |
| 33:18 | Build | Stable |
| 33:21 | Create | Villager (Male) ×5 |
| 33:21 | Create | Villager (Male) ×5 |
| 33:24 | Create | Villager (Male) ×4 |
| 33:41 | Create | Trade Cart |
| 34:12 | Create | Camel Scout ×5 |
| 34:12 | Create | Camel Scout ×5 |
| 34:22 | Create | Militia |
| 34:25 | Create | Archer ×5 |
| 34:25 | Create | Archer ×5 |
| 34:29 | Create | Camel Scout |
| 35:04 | Build | Castle |
| 35:18 | Create | Camel Scout |
| 35:19 | Create | Camel Scout |
| 36:27 | Create | Villager (Male) ×5 |
| 36:28 | Create | Villager (Male) ×5 |
| 36:35 | Build | Farm |
| 36:35 | Build | Farm |
| 36:36 | Build | Farm |
| 36:36 | Build | Farm |
| 36:37 | Build | Farm |
| 36:38 | Build | Farm |
| 36:39 | Build | Farm |
| 36:39 | Build | Farm |
| 36:44 | Research | Iron Casting |
Build order — MEGAMENTE90
144 actions detected in the replay
| 0:19 | Build | House |
| 0:20 | Build | House |
| 0:32 | Create | Villager (Male) |
| 0:32 | Create | Villager (Male) |
| 0:32 | Create | Villager (Male) |
| 0:33 | Create | Villager (Male) |
| 2:00 | Create | Villager (Male) |
| 2:00 | Create | Villager (Male) |
| 2:25 | Research | Loom |
| 3:07 | Build | Palisade Wall |
| 3:24 | Create | Villager (Male) |
| 3:25 | Create | Villager (Male) |
| 4:07 | Create | Villager (Male) |
| 5:31 | Build | Lumber Camp |
| 5:39 | Create | Villager (Male) |
| 5:39 | Create | Villager (Male) |
| 5:39 | Create | Villager (Male) |
| 6:12 | Build | Mill |
| 8:57 | Research | Wheelbarrow |
| 10:13 | Research | Feudal Age |
| 10:30 | Build | Farm |
| 10:35 | Build | Farm |
| 11:53 | Create | Villager (Male) |
| 11:53 | Create | Villager (Male) |
| 11:54 | Create | Villager (Male) |
| 11:54 | Create | Villager (Male) |
| 11:55 | Create | Villager (Male) |
| 12:18 | Build | Farm |
| 12:22 | Age | Feudal Age |
| 12:33 | Build | Barracks |
| 13:17 | Build | House |
| 13:27 | Build | House |
| 13:29 | Build | House |
| 13:43 | Build | Farm |
| 14:07 | Research | Horse Collar |
| 14:14 | Create | Villager (Male) |
| 14:14 | Create | Villager (Male) |
| 14:15 | Create | Villager (Male) |
| 14:30 | Build | Mining Camp |
| 15:03 | Research | Double-Bit Axe |
| 16:04 | Build | Blacksmith |
| 16:15 | Create | Villager (Male) |
| 16:15 | Create | Villager (Male) |
| 16:15 | Create | Villager (Male) |
| 16:52 | Research | Scale Barding Armor |
| 17:05 | Research | Forging |
| 17:53 | Build | Market |
| 18:21 | Research | Heavy Plow |
| 19:03 | Build | Stable |
| 19:21 | Build | Stone Wall |
| 19:42 | Build | Farm |
| 19:44 | Build | Farm |
| 19:50 | Build | Farm |
| 20:26 | Create | Scout Cavalry |
| 20:27 | Create | Scout Cavalry |
| 20:27 | Create | Scout Cavalry |
| 22:51 | Create | Villager (Male) |
| 22:51 | Create | Villager (Male) |
| 22:52 | Research | Hand Cart |
| 22:52 | Research | Town Watch |
| 26:11 | Build | Farm |
| 26:16 | Build | Farm |
| 26:22 | Build | Farm |
| 26:29 | Build | Farm |
| 26:41 | Build | Gate |
| 27:12 | Research | Castle Age |
| 27:40 | Build | Stone Wall |
| 27:50 | Build | Gate |
| 28:08 | Create | Villager (Male) |
| 28:09 | Create | Villager (Male) |
| 28:30 | Build | Mining Camp |
| 28:33 | Create | Villager (Male) |
| 28:34 | Create | Villager (Male) |
| 28:34 | Create | Villager (Male) |
| 29:22 | Research | Gold Mining |
| 29:27 | Research | Stone Mining |
| 29:38 | Create | Trade Cart |
| 29:38 | Create | Trade Cart |
| 29:39 | Create | Trade Cart |
| 29:39 | Create | Trade Cart |
| 29:39 | Create | Trade Cart |
| 29:39 | Create | Trade Cart |
| 29:52 | Age | Castle Age |
| 30:07 | Build | House |
| 30:09 | Build | House |
| 30:09 | Build | House |
| 30:12 | Build | House |
| 30:16 | Build | House |
| 30:17 | Build | House |
| 30:19 | Build | House |
| 30:21 | Build | House |
| 30:24 | Build | House |
| 30:30 | Create | Knight |
| 30:30 | Create | Knight |
| 30:31 | Create | Knight |
| 30:32 | Create | Knight |
| 30:33 | Create | Knight |
| 30:37 | Research | Cavalier (upgrade) |
| 31:32 | Build | Stable |
| 32:18 | Build | Town Center |
| 32:34 | Research | Husbandry |
| 32:40 | Research | Husbandry |
| 32:46 | Research | Husbandry |
| 32:55 | Create | Knight |
| 32:55 | Create | Knight |
| 32:57 | Create | Knight |
| 33:04 | Create | Knight |
| 33:12 | Create | Knight |
| 33:13 | Create | Knight |
| 33:13 | Create | Knight |
| 34:23 | Research | Chain Barding Armor |
| 36:23 | Create | Villager (Male) |
| 36:23 | Create | Villager (Male) |
| 36:23 | Create | Villager (Male) |
| 36:23 | Create | Villager (Male) |
| 36:24 | Create | Villager (Male) |
| 40:30 | Create | Villager (Male) |
| 40:31 | Create | Villager (Male) |
| 40:31 | Create | Villager (Male) |
| 40:31 | Create | Villager (Male) |
| 40:31 | Create | Villager (Male) |
| 40:31 | Create | Villager (Male) |
| 41:57 | Build | Castle |
| 42:02 | Create | Knight |
| 42:02 | Create | Knight |
| 42:02 | Create | Knight |
| 42:03 | Create | Knight |
| 42:03 | Create | Knight |
| 42:03 | Create | Knight |
| 42:03 | Create | Knight |
| 42:04 | Create | Knight |
| 42:22 | Create | Knight |
| 42:22 | Create | Knight |
| 42:22 | Create | Knight |
| 42:22 | Create | Knight |
| 42:22 | Create | Knight |
| 42:23 | Create | Knight |
| 42:23 | Create | Knight |
| 42:23 | Create | Knight |
| 42:23 | Create | Knight |
| 42:24 | Create | Knight |
| 43:47 | Build | Castle |
| 45:45 | Build | Watch Tower |
| 47:35 | Research | Imperial Age |
Match timeline
| 1:25 | Anymuzz · wall_segment Palisade Wall x8 |
| 1:32 | DoN_888 · wall_segment Palisade Wall x9 |
| 3:07 | MEGAMENTE90 · wall_segment Palisade Wall x11 |
| 3:23 | DoN_888 · wall_segment Palisade Wall x9 |
| 7:23 | DoN_888 · wall_segment Palisade Wall x11 |
| 8:18 | LinceDK · age_up feudal |
| 9:35 | DoN_888 · wall_segment Palisade Wall x11 |
| 10:40 | Anymuzz · wall_segment Palisade Wall x7 |
| 11:15 | Anymuzz · wall_segment Palisade Wall x5 |
| 11:19 | Anymuzz · wall_segment Palisade Wall x5 |
| 11:22 | Anymuzz · wall_segment Palisade Wall x5 |
| 11:27 | Anymuzz · wall_segment Palisade Wall x5 |
| 11:51 | Anymuzz · age_up feudal |
| 11:52 | Anymuzz · first_building Barracks |
| 12:22 | MEGAMENTE90 · age_up feudal |
| 12:33 | MEGAMENTE90 · first_building Barracks |
| 12:56 | Anymuzz · first_building Archery Range |
| 15:32 | DoN_888 · first_building Dock |
| 16:25 | Anymuzz · wall_segment Stone Wall x8 |
| 16:29 | Anymuzz · wall_segment Stone Wall x7 |
| 16:35 | Anymuzz · wall_segment Stone Wall x8 |
| 19:03 | MEGAMENTE90 · first_building Stable |
| 19:21 | MEGAMENTE90 · wall_segment Stone Wall x18 |
| 22:12 | LinceDK · first_building Barracks |
| 22:17 | DoN_888 · age_up feudal |
| 27:40 | MEGAMENTE90 · wall_segment Stone Wall x7 |
| 28:38 | Anymuzz · age_up castle |
| 29:03 | Anymuzz · tribute_sent a jugador 1 |
| 29:03 | Anymuzz · tribute_sent a jugador 3 |
| 29:03 | Anymuzz · tribute_sent a jugador 4 |
| 29:52 | MEGAMENTE90 · age_up castle |
| 30:21 | LinceDK · first_building Siege Workshop |
| 30:31 | Anymuzz · first_building Monastery |
| 30:43 | Anymuzz · first_building Stable |
| 32:05 | Anymuzz · first_market_buy 100 wood |
| 32:19 | LinceDK · first_building Archery Range |
| 35:04 | Anymuzz · first_building Castle |
| 35:06 | LinceDK · age_up castle |
| 41:57 | MEGAMENTE90 · first_building Castle |
| 44:00 | DoN_888 · first_building Barracks |
| 44:59 | Anymuzz · first_building Siege Workshop |
| 46:37 | Anymuzz · age_up imperial |
| 47:30 | LinceDK · resign |
[ AI ANALYSIS · 1 CREDIT ]
What really happened in this match?
Wolo.gg analyzes every decision: build order, eco, micro, common mistakes by bracket. Personalized analysis on WhatsApp or Discord in 30 seconds.
Civ guide
Goths
Map guide
Black Forest
Perfil
Jugador #2631815